 Dungeon Crawl Stone Soup version 0.30-a0-371-gad7725a93e (webtiles) character file.

Game seed: 10626278531390993799

21669 JOEMAMA2 the Fighter (level 12, 0/118 HPs)
             Began as a Minotaur Berserker on Nov 20, 2022.
             Was an Elder of Trog.
             Slain by a jumping spider (4 damage)
             ... on level 1 of the Spider Nest.
             The game lasted 00:36:38 (14684 turns).

JOEMAMA2 the Fighter (Minotaur Berserker)          Turns: 14684, Time: 00:36:39

Health: 0/118      AC: 18    Str: 25    XL:     12   Next: 56%
Magic:  11/11      EV: 12    Int:  4    God:    Trog [****..]
Gold:   981        SH:  0    Dex: 23    Spells: 11/11 levels left

rFire   . . .      SeeInvis .    C - +3 spear (vorpal)
rCold   . . .      Faith    .    s - +0 tower shield
rNeg    . . .      Spirit   .    w - +1 plate armour
rPois   .          Reflect  +    p - +1 hat {Will+}
rElec   .          Harm     .    (no cloak)
rCorr   .          Rampage  .    v - +0 pair of gloves {Dex+3}
Will    ++...                    (no boots)
Stlth   ..........               e - amulet of reflection
HPRegen 0.39/turn                B - ring of Rationality {Will+ Dex+8}
MPRegen 0.12/turn                (no ring)

@: confused, lethally poisoned (0 -> -32), on berserk cooldown, slowed, very
slow
A: horns 2, retaliatory headbutt
a: Renounce Religion, Berserk, Trog's Hand, Brothers in Arms


You were on level 1 of the Spider Nest.
You worshipped Trog.
Trog was greatly pleased with you.
You visited 3 branches of the dungeon, and saw 13 of its levels.

You collected 981 gold pieces.

Inventory:

Hand Weapons
 n - a +1 scythe
 C - a +3 vorpal spear (weapon)
Missiles
 A - 6 throwing nets (quivered)
Armour
 p - a +1 hat of willpower (worn)
 s - a +0 tower shield (worn)
 v - a +0 pair of gloves of dexterity (worn)
 w - a +1 plate armour (worn)
Jewellery
 b - an amulet of guardian spirit
 e - an amulet of reflection (around neck)
 o - a ring of poison resistance
 B - the ring of Rationality (left hand) {Will+ Dex+8}
   (You took it off a gnoll bouda on level 8 of the Dungeon)

   [ring of willpower]

   Dex:       It affects your dexterity (+8).
   Will:      It increases your willpower.
Scrolls
 a - a scroll of summoning {unknown}
 d - 4 scrolls of butterflies
 f - a scroll of enchant armour
 g - 2 scrolls of enchant weapon
 i - a scroll of identify
 j - 2 scrolls of magic mapping
 m - a scroll of blinking {unknown}
Potions
 c - a potion of ambrosia {unknown}
 h - 3 potions of berserk rage
 k - a potion of cancellation {unknown}
 l - 3 potions of haste
 q - a potion of attraction {unknown}
 r - a potion of might
 t - 5 potions of curing
 x - 4 potions of resistance
 z - a potion of flight
 D - 3 potions of heal wounds


   Skills:
 * Level 14.5 Fighting
 + Level 10.8 Axes
 + Level 10.5 Armour
 * Level 13.2 Dodging
 + Level 5.7 Shields


You had 11 spell levels left.
You didn't know any spells.
Your spell library was empty.

Dungeon Overview and Level Annotations

Branches:
Dungeon (10/15)            Temple (0/1) D:7            Lair (2/5) D:8
 Spider (1/4) Lair:2
  Swamp: Lair:2-3    Shoals: Lair:2-3       Orc: D:9-12

Altars:
Ashenzari
Cheibriados
Dithmenos
Elyvilon
Fedhas
Kikubaaqudgha
Makhleb
Nemelex Xobeh
Qazlal
Ru
Sif Muna
Trog
Uskayaw
Vehumet
The Shining One

Annotations:
D:10 1 transporter


Innate Abilities, Weirdness & Mutations

You have a pair of horns on your head.
You reflexively headbutt those who attack you in melee.


Message History

You feel a strong urge to attack something.
You are no longer berserk.
You are exhausted.
You feel yourself slow down.
You hit the jumping spider.
The jumping spider is moderately wounded.
The redback barely misses you. You furiously retaliate!
You headbutt the redback, but do no damage.
You block the jumping spider's attack. x2; The redback misses you.
You furiously retaliate!
You headbutt the redback. The jumping spider pounces on you.
The jumping spider bites you but does no damage.
The tarantella touches you but does no damage.
The redback bites you but does no damage.
The jumping spider barely misses you. You furiously retaliate!
You headbutt the jumping spider!
The jumping spider completely misses you.
You are too injured to fight recklessly!
You closely miss the jumping spider.
The jumping spider is heavily wounded.
You block the redback's attack.
The jumping spider pounces on you but does no damage.
You block the jumping spider's attack. The redback bites you!
You are lethally poisoned!
The redback poisons you! You block the redback's attack.
The jumping spider pounces on you. The jumping spider barely misses you.
The redback completely misses you. You furiously retaliate!
You headbutt the redback! You hit the redback.
The redback is moderately wounded.
* * * LOW HITPOINT WARNING * * *
You feel extremely sick.
The jumping spider's soul is no longer bound.
You block the redback's attack. The tarantella touches you!
* * * LOW HITPOINT WARNING * * *
You are confused.
The jumping spider pounces on you.
* * * LOW HITPOINT WARNING * * *
The jumping spider bites you.
You die...

..............
.........$...#
.............#
.............#
.............#
.............#
...........#
......s@...#
..:..Zsss.##
.......Z###
...####.# ##
#....#
.........
........##
........##
........##


You could see a jumping spider, a tarantella (soul bound), 2 redbacks and 2
redback simulacra.

Vanquished Creatures
  Gastronok (Lair:2)
  Erolcha (D:10)
  The ghost of sirJeffrey23 the Bludgeoner, a journeyman FoFi (D:8)
  A two-headed ogre (D:10)
  A pharaoh ant (Spider:1)
  Pikel (D:8)
  6 elephants
  A black mamba (Lair:1)
  5 cane toads
  2 rime drakes (Lair:1)
  3 komodo dragons
  2 trolls
  A hornet (D:9)
  A polar bear (Lair:1)
  Prince Ribbit (D:8)
  Sigmund (D:4)
  A basilisk (Lair:1)
  30 yaks
  2 redbacks (Spider:1)
  A vampire mosquito (D:7)
  2 steam dragons
  Edmund (D:4)
  3 acid dragons
  6 water moccasins
  3 sky beasts
  2 orc warriors (D:7)
  An ice beast (D:8)
  A black bear (D:6)
  6 wolves (Lair:2)
  3 ogres
  A centaur (D:9)
  A lemure (D:8)
  7 bullfrogs
  2 scorpions
  3 necrophages
  4 gnoll sergeants
  7 wights
  6 killer bees (D:9)
  5 howler monkeys
  A jelly (D:10)
  2 hounds
  A gnoll bouda (D:8)
  10 orc priests
  7 iguanas
  11 orc wizards
  25 gnolls
  7 adders
  A shadow imp (D:7)
  2 white imps
  2 ufetubi (D:5)
  2 worms
  38 orcs
  3 bats
  9 endoplasms
  8 goblins
  5 hobgoblins
  3 jackals (D:3)
  A quokka (D:5)
  7 ball pythons
  3 frilled lizards
  3 kobolds
  5 rats
283 creatures vanquished.

Vanquished Creatures (collateral kills)
  3 elephants (Lair:2)
3 creatures vanquished.

Vanquished Creatures (others)
  An orc (D:7)
  A bush (Lair:1)
  4 fungi
  17 plants
23 creatures vanquished.

Grand Total: 309 creatures vanquished

Notes
Turn   | Place    | Note
-------+----------+-------------------------------------------
     0 | D:1      | JOEMAMA2 the Minotaur Berserker began the quest for the
                  | Orb.
     0 | D:1      | Reached XP level 1. HP: 19/19 MP: 0/0
   235 | D:1      | Reached XP level 2. HP: 27/27 MP: 1/1
   431 | D:1      | Found a faded altar of an unknown god.
   860 | D:2      | Reached skill level 4 in Fighting
   934 | D:2      | Reached XP level 3. HP: 33/33 MP: 2/2
  1565 | D:3      | Identified the +4 spear of Lieroy {freeze, +Blink rPois}
  1579 | D:3      | Reached ** piety under Trog
  1738 | D:3      | Reached XP level 4. HP: 41/41 MP: 3/3
  1852 | D:3      | Reached skill level 5 in Fighting
  1852 | D:3      | Reached XP level 5. HP: 39/48 MP: 4/4
  2409 | D:4      | Found a glowing golden altar of the Shining One.
  2433 | D:4      | Found an ancient bone altar of Kikubaaqudgha.
  2576 | D:4      | Noticed a steam dragon
  2585 | D:4      | Killed a steam dragon
  2586 | D:4      | Reached skill level 5 in Axes
  2586 | D:4      | Reached XP level 6. HP: 8/57 MP: 5/5
  2826 | D:4      | Noticed Sigmund
  2827 | D:4      | Noticed Edmund
  2850 | D:4      | Killed Edmund
  2851 | D:4      | Reached skill level 6 in Fighting
  2856 | D:4      | Killed Sigmund
  2857 | D:4      | Reached skill level 5 in Dodging
  2857 | D:4      | Reached XP level 7. HP: 17/64 MP: 6/6
  3193 | D:4      | Found a sparkling altar of Nemelex Xobeh.
  3602 | D:4      | Reached skill level 7 in Fighting
  3758 | D:5      | Entered Level 5 of the Dungeon
  3804 | D:5      | Reached skill level 5 in Armour
  3895 | D:5      | Reached XP level 8. HP: 73/73 MP: 7/7
  4053 | D:5      | Reached *** piety under Trog
  4286 | D:5      | Reached skill level 8 in Fighting
  4835 | D:5      | HP: 1/112 [yak (13)]
  4837 | D:5      | Reached XP level 9. HP: 2/82 MP: 8/8
  5375 | D:6      | You fall into a shaft and drop 3 floors!
  5427 | D:9      | Found a blossoming altar of Fedhas.
  5434 | D:9      | Reached skill level 9 in Fighting
  5594 | D:9      | Noticed a troll
  5598 | D:9      | Killed a troll
  6262 | D:9      | Found a shadowy altar of Dithmenos.
  6262 | D:9      | Found a stormy altar of Qazlal.
  6298 | D:9      | Reached skill level 10 in Fighting
  6532 | D:8      | Identified the +5 spear "Soxzumy" {venom, Dex+3}
  6593 | D:8      | Noticed Prince Ribbit
  6608 | D:8      | Killed Prince Ribbit
  6968 | D:8      | Reached XP level 10. HP: 94/94 MP: 9/9
  6986 | D:8      | Found a staircase to the Lair.
  7186 | D:8      | Found a transporter.
  7191 | D:8      | Noticed sirJeffrey23's ghost (journeyman FoFi)
  7192 | D:8      | Found a transporter.
  7216 | D:8      | Identified the ring of Rationality {Will+ Dex+8}
  7400 | D:8      | Noticed Pikel
  7414 | D:8      | Killed Pikel
  7415 | D:8      | Reached skill level 11 in Fighting
  8434 | D:8      | Killed sirJeffrey23's ghost
  8435 | D:8      | Reached skill level 10 in Dodging
  8750 | D:7      | Found a shimmering blue altar of Sif Muna.
  8833 | D:7      | Found a bloodstained altar of Trog.
  8998 | D:7      | Found a radiant altar of Vehumet.
  9073 | D:7      | Reached **** piety under Trog
  9113 | D:7      | Found a snail-covered altar of Cheibriados.
  9453 | D:7      | Found a staircase to the Ecumenical Temple.
  9510 | D:7      | Found a hide-covered altar of Uskayaw.
  9513 | D:7      | Found a white marble altar of Elyvilon.
  9553 | D:7      | Found a broken altar of Ashenzari.
 10097 | D:6      | Reached skill level 12 in Fighting
 10634 | D:10     | Entered Level 10 of the Dungeon
 10634 | D:10     | Found a burning altar of Makhleb.
 10652 | D:10     | Found a sacrificial altar of Ru.
 10715 | D:10     | Noticed a gargoyle
 10724 | D:10     | Noticed a two-headed ogre
 10737 | D:10     | Killed a two-headed ogre
 10738 | D:10     | Reached skill level 1 in Shields
 10738 | D:10     | Reached XP level 11. HP: 91/104 MP: 10/10
 10871 | D:10     | Found a transporter.
 10909 | D:10     | Found a transporter.
 11665 | D:10     | Noticed Erolcha
 11674 | D:10     | Killed Erolcha
 12087 | Lair:1   | Entered Level 1 of the Lair of Beasts
 12220 | Lair:1   | Identified the +5 ring mail of Skepticism {rF+ Dex+4 SInv}
 12326 | Lair:1   | Reached skill level 13 in Fighting
 12568 | Lair:1   | Identified the +2 ring mail of Quantum Leap {rN+}
 12930 | Lair:1   | Reached skill level 10 in Axes
 13388 | Lair:2   | Reached XP level 12. HP: 97/116 MP: 11/11
 13400 | Lair:2   | Reached skill level 10 in Armour
 13451 | Lair:2   | Reached skill level 14 in Fighting
 13461 | Lair:2   | Reached skill level 5 in Shields
 13855 | Lair:2   | Noticed Gastronok
 14225 | Lair:2   | Found a hole to the Spider Nest.
 14273 | Lair:2   | Killed Gastronok
 14664 | Spider:1 | Entered Level 1 of the Spider Nest
 14684 | Spider:1 | HP: 4/118 [jumping spider (5)]
 14684 | Spider:1 | Slain by a jumping spider

Illustrated notes

Levels and vault maps discovered:
D:1:      onia_arrival_mini_maze, layout_loops_ring,
          shapermc_ecumenical_altar_rom_forum, minmay_misc_feat_chi,
          reono_crystal_passage, minmay_misc_feat_four_crosses,
          minmay_pentomino_t2
D:2:      layout_basic
D:3:      layout_basic
D:4:      layout_basic, old_standard_altar, nemelex_xobeh_ov_fountains_minmay,
          mainiacjoe_overflow_alcove_1, sigmund_edmund_badplayer
D:5:      nicolae_cairo_tiling_very_big, layout_loops_cross,
          hangedman_abyss_or_decor_stabs, kennysheep_dice
D:6:      layout_gridville
D:7:      layout_loops_ring, nzn_overflow_gifts_of_might_and_magic,
          mainiacjoe_overflow_alcove_2, kennysheep_mini,
          minmay_overflow_temple_star_quad,
          minmay_temple_entry_statues_fountains, minmay_three_doors
D:8:      layout_basic, david_lair_shrubbed, gammafunk_ghost_gnarly_gnolls,
          uniq_pikel, uniq_prince_ribbit1
D:9:      layout_roguey, fedhas_bush_and_centaur_altar, jmf_multi_god_temple,
          hex_tiny, hangedman_decor_opposing, dreamdust_princess_bridge,
          nicolae_two_hexagons, st_stairs_7, corexii_corridor_pit
D:10:     gammafunk_cloud_chamber, layout_small_grid,
          mainiacjoe_overflow_six_doors_small, mainiacjoe_overflow_catwalk,
          nicolae_fountain_basement, uniq_erolcha
Lair:1:   layout_loops_ring, grunt_megastairs_4
Lair:2:   layout_chaotic_city, dummy_spider_entry, uniq_gastronok
Spider:1: layout_chambers, uniq_asterion

Skill      XL: |  1  2  3  4  5  6  7  8  9 10 11 12 |
---------------+-------------------------------------+-----
Axes           | 4 5 6 8 9 10 | 10.8
Fighting       | 4 5 6 7 8 10 12 13 14 | 14.5
Armour         | 3 4 5 6 7 8 9 10 | 10.5
Dodging        | 3 4 5 6 7 9 11 12 13 | 13.2
Shields        | 1 4 5 |  5.7

Action                   |  1- 3 |  4- 6 |  7- 9 | 10-12 || total
-------------------------+-------+-------+-------+-------++-------
Melee: Hand axe          |    68 |       |       |       ||    68
       Headbutt          |    11 |    10 |    37 |   138 ||   196
       Punch             |     2 |       |       |       ||     2
       Spear             |     6 |    74 |   272 |   602 ||   954
Invok: Berserk           |       |     2 |     6 |    16 ||    24
       Trog's Hand       |       |       |       |     2 ||     2
       Brothers in Arms  |       |       |       |     1 ||     1
 Abil: Evoke Blink       |       |     1 |       |       ||     1
  Use: Potion            |       |     6 |       |       ||     6
       Scroll            |       |     4 |     1 |    14 ||    19
Armor: Animal skin       |     9 |       |       |       ||     9
       Chain mail        |    25 |    11 |    68 |       ||   104
       Leather armour    |     2 |       |       |       ||     2
       Plate armour      |       |       |    90 |   229 ||   319
       Skin              |       |       |       |     3 ||     3
Dodge: Dodged            |    45 |     7 |    67 |   166 ||   285
Block: Other             |    10 |     4 |       |       ||    14
       Reflection        |       |     1 |     7 |     5 ||    13
       Tower shield      |       |    10 |   245 |   575 ||   830

Table legend: (Time is in decaauts)
 A = Elapsed time spent in this place.
 B = Non-inter-level travel time spent in this place.
 C = Inter-level travel time spent in this place.
 D = Time resting spent in this place.
 E = Time spent auto-exploring this place.
 F = Levels seen in this place.
 G = Mean time per level.
                   A        B        C        D        E       F      G
               +--------+--------+--------+--------+--------+-----+--------+
         Total |  15114 |  14531 |    583 |   2985 |   8807 |  13 | 1162.6 |
       Dungeon |  12431 |  11873 |    558 |   2439 |   7249 |  10 | 1243.1 |
          Lair |   2663 |   2639 |     24 |    546 |   1558 |   2 | 1331.5 |
   Spider Nest |     19 |     19 |      0 |      0 |      0 |   1 |   19.0 |
               +--------+--------+--------+--------+--------+-----+--------+

Top non-repeatable levels by time:
     D:8: 2278 daAuts
     D:5: 1651 daAuts
     D:4: 1561 daAuts
  Lair:2: 1493 daAuts
    D:10: 1434 daAuts
     D:9: 1223 daAuts
  Lair:1: 1170 daAuts
     D:7: 1148 daAuts
     D:6: 865 daAuts
     D:3: 827 daAuts
     D:1: 799 daAuts
     D:2: 642 daAuts
Spider:1: 19 daAuts
